 Dungeon Crawl Stone Soup version 0.32-a0-576-g706899e69d (webtiles) character file.

Game seed: 16354646163273995966

772 gimp the Digger (level 7, -2/69 HPs)
             Began as a Coglin Earth Elementalist on Mar 1, 2024.
             Slain by a water moccasin (7 damage)
             ... on level 5 of the Dungeon.
             The game lasted 00:07:11 (4799 turns).

gimp the Digger (Coglin Earth Elementalist)         Turns: 4799, Time: 00:07:12

Health: -2/69      AC:  5    Str:  8    XL:     7   Next: 83%
Magic:  0/10       EV: 12    Int: 17    God:
Gold:   57         SH:  0    Dex: 14    Spells: 6/10 levels left

rFire   . . .        a - +1 whip (elec) {Xiuhtonal}
rCold   . . .        b - +0 dagger {Ishpreet}
rNeg    . . .        c - +0 robe
rPois   .            l - +2 helmet
rElec   .            (no cloak)
rCorr   .            (no gloves)
SInv    .            (no boots)
Will    .....        (amulet unavailable) Stlth
                     (ring unavailable)
HPRegen 0.31/turn    (ring unavailable)
MPRegen 0.12/turn    (no gizmo)

%: no passive effects
@: berserking, lethally poisoned (-2 -> -40), revving, very quick
A: off-hand wielding, slow wielding, warmup strikes, no jewellery
a: Invent Gizmo


You were on level 5 of the Dungeon.
You visited 1 branch of the dungeon, and saw 5 of its levels.

You collected 232 gold pieces.
You spent 175 gold pieces at shops.

Inventory:

Hand Weapons
 a - a +1 whip of electrocution (weapon) {Xiuhtonal}
 b - a +0 dagger (offhand) {Ishpreet}
Armour
 c - a +0 robe (worn)
 l - a +2 helmet (worn)
Scrolls
 h - a scroll of fear
 i - 3 scrolls of poison {unknown}
 k - 2 scrolls of noise {unknown}
 m - 3 scrolls of teleportation
Potions
 d - 2 potions of magic
 e - a potion of berserk rage
 f - 3 potions of haste
 g - a potion of cancellation


   Skills:
 - Level 1.7 Dodging
 - Level 1.5 Stealth
 - Level 2.0 Spellcasting
 * Level 5.3 Conjurations
 * Level 6.0 Earth Magic


You had 6 spell levels left.
You knew the following spells:

 Your Spells              Type           Power      Damage    Failure   Level
a - Sandblast             Erth           44%        2d11      1%          1
b - Stone Arrow           Conj/Erth      42%        3d9       5%          3

Your spell library contained the following spells:

 Spells                   Type           Power      Damage    Failure   Level
 Passwall                 Erth           22%        N/A       4%          3
 Brom's Barrelling Bould  Conj/Erth      21%        2d4       19%         4
 Petrify                  Alch/Erth      12%        N/A       50%         4


Dungeon Overview and Level Annotations

Branches:
Dungeon (5/15)
 Temple: D:4-7

Altars:
Kikubaaqudgha

Shops:
D:2 *   D:3 ?[?(

Annotations:
D:3 Sigmund


Innate Abilities, Weirdness & Mutations

You can wield a second weapon in your off-hand.
It takes a long time for you to wield or remove held weapons.
Your first few attacks do less damage.
You cannot equip rings or amulets.


Message History

You now have 8/10 mp.
Casting: Sandblast (safe; 1% risk of failure)
Confirm with . or Enter, or press ? or * to list all spells.
Aiming: Sandblast (safe; 1% risk of failure)
Press: ? - help, Shift-Dir - straight line, f/p - orc
Aim: an orc, wielding a +0 club (83% to hit)
The blast of sand hits the orc!
You kill the orc!
The orc shouts!
You now have 7/10 mp.
Casting: Sandblast (safe; 1% risk of failure)
Confirm with . or Enter, or press ? or * to list all spells.
You can't see any susceptible monsters within range! (Use Z to cast anyway.)
Casting: Sandblast (safe; 1% risk of failure)
Confirm with . or Enter, or press ? or * to list all spells.
Aiming: Sandblast (safe; 1% risk of failure)
Press: ? - help, Shift-Dir - straight line, f - orc
Aim: an orc, wielding a +0 hand axe (83% to hit)
The blast of sand hits the orc!
You kill the orc!
Casting: Sandblast (safe; 1% risk of failure)
Confirm with . or Enter, or press ? or * to list all spells.
You can't see any susceptible monsters within range! (Use Z to cast anyway.)
Found a stone staircase leading down and a stone staircase leading up.
MP restored: 10
f - 3 potions of haste (gained 1)
There is a stone staircase leading down here.
Found a sling.
You now have 57 gold pieces (gained 10).
Found 4 stones.
You see here 4 stones.
e - 2 lumpy green potions (gained 1)
You open the door.
There is an open door here.
A water moccasin comes into view.
The water moccasin hisses angrily.
A water moccasin is nearby!
Casting: Sandblast (safe; 1% risk of failure)
Confirm with . or Enter, or press ? or * to list all spells.
Aiming: Sandblast (safe; 1% risk of failure)
Press: ? - help, Shift-Dir - straight line, f - water moccasin
Aim: a water moccasin (72% to hit)
The blast of sand hits the water moccasin.
The water moccasin is lightly wounded.
You now have 9/10 mp.
Casting: Sandblast (safe; 1% risk of failure)
Confirm with . or Enter, or press ? or * to list all spells.
Aiming: Stone Arrow (dangerous; 5% risk of failure)
Press: ? - help, Shift-Dir - straight line, f/p - water moccasin
Aim: a water moccasin (lightly wounded, 53% to hit)
The stone arrow misses the water moccasin.
The water moccasin bites you.
You are poisoned.
The water moccasin poisons you! The water moccasin bites you.
You take 8 damage, and have 38/46 hp.
You now have 6/10 mp.
Casting: Stone Arrow (dangerous; 5% risk of failure)
Confirm with . or Enter, or press ? or * to list all spells.
Aiming: Stone Arrow (dangerous; 5% risk of failure)
Press: ? - help, Shift-Dir - straight line, f/p - water moccasin
Aim: a water moccasin (lightly wounded, 53% to hit)
The stone arrow hits the water moccasin!
The water moccasin is severely wounded.
You feel very sick.
The water moccasin bites you but does no damage.
You take 4 damage, and have 34/46 hp.
You now have 3/10 mp.
Casting: Stone Arrow (dangerous; 5% risk of failure)
Confirm with . or Enter, or press ? or * to list all spells.
Aiming: Stone Arrow (dangerous; 5% risk of failure)
Press: ? - help, Shift-Dir - straight line, f/p - water moccasin
Aim: a water moccasin (severely wounded, 53% to hit)
The stone arrow hits the water moccasin.
The water moccasin is almost dead.
You feel very sick. The water moccasin closely misses you.
You take 3 damage, and have 31/46 hp.
You now have 0/10 mp.
You closely miss the water moccasin with your +0 dagger.
The water moccasin is almost dead.
You miss the water moccasin with your +1 whip of electrocution.
You feel sick. The water moccasin bites you!
You are lethally poisoned!
The water moccasin poisons you! The water moccasin bites you.
You are more poisoned.
The water moccasin poisons you!
You take 14 damage, and have 17/46 hp.
MASSIVE DAMAGE!!
Casting: Stone Arrow (dangerous; 5% risk of failure)
Confirm with . or Enter, or press ? or * to list all spells.
You don't have enough magic to cast this spell.
* * * LOW HITPOINT WARNING * * *
You feel extremely sick.
You take 8 damage, and have 9/46 hp.
It was a potion of berserk rage.
A red film seems to cover your vision as you go berserk!
You feel yourself moving faster!
You feel mighty!
* * * LOW HITPOINT WARNING * * *
You feel extremely sick. The water moccasin bites you.
* * * LOW HITPOINT WARNING * * *
You are more poisoned.
The water moccasin poisons you! The water moccasin bites you!
You die...

##................#
#####.#.##.#..###.#
....#.............#
.##.#.#.##...))..##
.>...........###.#
###.........)..).# #
#.#...#...####.#
###.....#...#..).#
....#.#.#+#.....@#
###.....).<.....S#
....#.....#.......#
##.........#####.#.#
.#.####### .. # #
.#. .... .. ..
...#..


You could see a water moccasin.

Vanquished Creatures
  Pikel (D:4)
  3 lemures
  A scorpion (D:4)
  A hound (D:4)
  Jessica (D:2)
  An iguana (D:4)
  3 river rats (D:4)
  5 adders
  A dart slug (D:4)
  4 ribbon worms
  9 orcs
  6 ball pythons
  4 endoplasms
  4 giant cockroaches
  7 goblins
  2 hobgoblins (D:2)
  14 jackals
  11 kobolds
  5 quokkas
  3 bats
  A frilled lizard (D:1)
  4 rats
91 creatures vanquished.

Notes
Turn   | Place    | Note
-------+----------+-------------------------------------------
     0 | D:1      | gimp the Coglin Earth Elementalist began the quest for the
                  | Orb.
     0 | D:1      | Reached XP level 1. HP: 13/13 MP: 3/3
    36 | D:1      | Reached skill level 1 in Conjurations
   337 | D:1      | Reached XP level 2. HP: 13/19 MP: 0/4
   433 | D:1      | Found a faded altar of an unknown god.
   500 | D:1      | Reached skill level 3 in Earth Magic
  1076 | D:2      | Noticed Jessica
  1078 | D:2      | Killed Jessica
  1079 | D:2      | Reached XP level 3. HP: 24/24 MP: 3/6
  1168 | D:2      | Learned a level 3 spell: Stone Arrow
  1344 | D:2      | Reached XP level 4. HP: 30/30 MP: 3/7
  1467 | D:2      | Found Qumodon's General Store.
  1473 | D:2      | Bought a potion of curing for 36 gold pieces
  2311 | D:3      | Found a transporter.
  2311 | D:3      | Found Levvaipi's Magic Scroll Emporium.
  2352 | D:3      | Found Xaucejuamo's Antique Armour Shop.
  2468 | D:3      | Found Tail Ruchyo's Magic Scroll Boutique.
  2489 | D:3      | Bought a scroll of identify for 22 gold pieces
  2489 | D:3      | Bought a scroll of teleportation for 33 gold pieces
  2682 | D:3      | Noticed Sigmund
  2757 | D:3      | Bought a scroll of fear for 44 gold pieces
  2918 | D:3      | Found a transporter.
  2970 | D:3      | Reached skill level 4 in Earth Magic
  2970 | D:3      | Reached XP level 5. HP: 35/35 MP: 3/8
  3085 | D:3      | Found Pofuriog's Antique Weapon Emporium.
  3423 | D:3      | Bought a scroll of fear for 40 gold pieces
  3448 | D:4      | Noticed Pikel
  3448 | D:4      | Noticed a lemure
  3448 | D:4      | Noticed a lemure
  3603 | D:4      | Noticed a lemure
  3603 | D:4      | Noticed a lemure
  3619 | D:4      | Killed a lemure
  3772 | D:3      | Killed a lemure
  3948 | D:3      | Killed a lemure
  4008 | D:4      | Found an ancient bone altar of Kikubaaqudgha.
  4054 | D:4      | Reached XP level 6. HP: 25/41 MP: 0/9
  4172 | D:4      | Killed Pikel
  4173 | D:4      | Reached skill level 5 in Conjurations
  4173 | D:4      | Reached skill level 5 in Earth Magic
  4173 | D:4      | Reached XP level 7. HP: 46/46 MP: 0/10
  4535 | D:4      | Reached skill level 6 in Earth Magic
  4649 | D:5      | Entered Level 5 of the Dungeon
  4799 | D:5      | Slain by a water moccasin

Illustrated notes

Levels and vault maps discovered:
D:1:      lemuel_arrival_broad_hall, layout_loops_ring, basic_ecumenical_altar
D:2:      layout_loops_ring, serial_shops, shop, nrook_uturn,
          kennysheep_flooded_box, eino_tiny_chamber, uniq_jessica
D:3:      layout_basic, serial_shops, shop, shop, shop, nicolae_shop_drivethru,
          uniq_sigmund
D:4:      layout_cave_pools, kiku_gazebo_pond_becter, portal_sewer_entry_c,
          kennysheep_dice, uniq_pikel
D:5:      layout_basic, uniq_duvessa

Skill      XL: |  1  2  3  4  5  6  7 |
---------------+----------------------+-----
Conjurations   | 1 2 3 5 |  5.3
Earth Magic    | 3 4 5 6 |  6.0
Spellcasting   | 2 |  2.0
Dodging        | |  1.7
Stealth        | |  1.5

Action                     |  1- 3 |  4- 6 |  7- 9 || total
---------------------------+-------+-------+-------++-------
  Melee: Unarmed           |    25 |       |       ||    25
         Whip              |       |     8 |     2 ||    10
         Dagger            |       |     8 |     2 ||    10
   Cast: Sandblast         |    41 |   103 |    27 ||   171
         Stone Arrow       |       |     5 |     3 ||     8
    Use: Scroll            |       |     4 |       ||     4
         Potion            |       |     2 |     1 ||     3
 Armour: Robe              |    23 |    48 |    13 ||    84
  Dodge: Dodged            |    34 |    42 |    10 ||    86

Table legend: (Time is in decaauts)
 A = Elapsed time spent in this place.
 B = Non-inter-level travel time spent in this place.
 C = Inter-level travel time spent in this place.
 D = Time resting spent in this place.
 E = Time spent auto-exploring this place.
 F = Levels seen in this place.
 G = Mean time per level.
                   A        B        C        D        E       F      G
               +--------+--------+--------+--------+--------+-----+--------+
         Total |   4885 |   4603 |    282 |      5 |   3782 |   5 |  977.0 |
       Dungeon |   4885 |   4603 |    282 |      5 |   3782 |   5 |  977.0 |
               +--------+--------+--------+--------+--------+-----+--------+

Top non-repeatable levels by time:
     D:3: 1388 daAuts
     D:2: 1346 daAuts
     D:1: 1003 daAuts
     D:4: 992 daAuts
     D:5: 153 daAuts
